[Event "Marshall CC U2400 February 2024"]
[Site "New York"]
[Date "2024.02.18"]
[Round "4.5"]
[White "Qiao, Richardson Jingsi"]
[Black "Colwell, Andrew"]
[Result "1-0"]
[ECO "B12"]
[WhiteElo "1564"]
[BlackElo "1672"]
[Annotator "NA RC"]
[PlyCount "145"]
[EventDate "2024.02.16"]
[EventType "swiss"]
[EventCountry "USA"]
[SourceTitle "playchess.com"]
[Source "ChessBase"]
[SourceQuality "1"]
[TimeControl "5400+30"]

1. e4 c6 2. d4 d5 3. e5 c5 4. dxc5 e6 5. a3 Bxc5 6. Qg4 Kf8 7. Nf3 Qb6 8. Qg3 Ne7 9. Bd3 Ng6 10. b4 Be7 11. h4 Nc6 12. Bb2 h5 13. Bxg6 fxg6 14. Qxg6 Rh6 15. Qg3 Bd7 16. Bc1 Rh7 17. O-O Nd4 18. Qf4+ Nf5 19. Be3 Qd8 20. g3 Kg8 21. Nd4 Nxd4 22. Bxd4 Rh6 23. Qf3 Qc7 24. c3 Bb5 25. Re1 Rf8 26. Qd1 Rf5 27. a4 Be8 28. Kh2 Rg6 29. Nd2 Rg4 30. Nf1 Rg6 31. Ra2 Bxh4 32. Ne3 Rxf2+ 33. Rxf2 Bxg3+ 34. Kg2 Qe7 35. Qf3 Bxf2+ 36. Kxf2 Qh4+ 37. Ke2 Rg3 38. Qf2 Qg5 39. Rf1 Bxa4 40. Qf7+ Kh7 41. Qxe6 Bb5+ 42. c4 dxc4 43. Qf5+ Qxf5 44. Rxf5 Kg6 45. Rf8 c3+ 46. Kf2 c2 47. Nxc2 Rd3 48. Ke1 Ba4 49. e6 Bxc2 50. e7 Ba4 51. Bxa7 Rd5 52. e8=Q+ Bxe8 53. Rxe8 Rb5 54. Bc5 Kf7 55. Rd8 Ke6 56. Kf2 g5 57. Kg3 Ke5 58. Rh8 Kd5 59. Rxh5 b6 60. Rxg5+ Kc6 61. Be7 Rd5 62. Rxd5 Kxd5 63. Kf4 Kd4 64. Kf5 Kd5 65. Bf8 Kd4 66. Ke6 Kc4 67. Kd7 Kb5 68. Kc7 Ka6 69. Kc6 b5 70. Be7 Ka7 71. Kxb5 Kb7 72. Bd6 Ka7 73. Kc6 1-0

[Event "Marshall CC U2400 February 2024"]
[Site "New York"]
[Date "2024.02.19"]
[Round "5.1"]
[White "Jiang, Jason"]
[Black "Nkululeko, Nkosi"]
[Result "1/2-1/2"]
[ECO "E69"]
[WhiteElo "1864"]
[BlackElo "1867"]
[Annotator "NA RC"]
[PlyCount "93"]
[EventDate "2024.02.16"]
[EventType "swiss"]
[EventCountry "USA"]
[SourceTitle "playchess.com"]
[Source "ChessBase"]
[SourceQuality "1"]
[TimeControl "5400+30"]

1. c4 Nf6 2. Nc3 g6 3. g3 Bg7 4. Bg2 O-O 5. Nf3 d6 6. d4 Nbd7 7. O-O c6 8. e4 e5 9. h3 Qe7 10. b3 c5 11. dxe5 Nxe5 12. Bb2 a6 13. Nxe5 dxe5 $16 14. Qe2 Be6 15. Rae1 Rae8 16. Nd5 Nxd5 17. exd5 Bc8 18. f4 f6 19. Kh2 Qd6 20. fxe5 fxe5 21. Rxf8+ Kxf8 22. Be4 Kg8 23. Rf1 Bd7 24. a4 a5 25. Bc3 b6 26. Bd2 Rf8 27. Rxf8+ Bxf8 28. Qf3 Be7 29. Kg2 Qf6 30. g4 Qxf3+ 31. Kxf3 Kg7 32. Be1 h6 33. Bg3 Bd6 34. Bh4 g5 35. Be1 Kf6 36. Bd2 Bc8 37. Bh7 Bd7 38. Ke4 Be8 39. Bf5 Bf7 40. Be1 Be8 41. h4 Bf7 42. h5 Be8 43. Be6 Bb8 44. Bf5 Bd6 45. Be6 Bb8 46. Bf5 Bd6 47. Be6 1/2-1/2

[Event "Marshall CC U2400 February 2024"]
[Site "New York"]
[Date "2024.02.18"]
[Round "5.1"]
[White "Jiang, Jason"]
[Black "Nkululeko, Nkosi"]
[Result "*"]
[ECO "E69"]
[WhiteElo "1864"]
[BlackElo "1867"]
[Annotator "NA RC"]
[PlyCount "43"]
[EventDate "2024.02.16"]
[EventType "swiss"]
[EventCountry "USA"]
[SourceTitle "playchess.com"]
[Source "ChessBase"]
[SourceQuality "1"]
[TimeControl "5400+30"]

1. c4 Nf6 2. Nc3 g6 3. g3 Bg7 4. Bg2 O-O 5. Nf3 d6 6. d4 Nbd7 7. O-O c6 8. e4 e5 9. h3 Qe7 10. b3 c5 11. dxe5 Nxe5 12. Bb2 a6 13. Nxe5 dxe5 $16 14. Qe2 Be6 15. Rae1 Rae8 16. Nd5 Nxd5 17. exd5 Bc8 18. f4 f6 19. Kh2 Qd6 20. fxe5 fxe5 21. Rf2 Rf7 22. Rxf7 *

[Event "Marshall CC U2400 February 2024"]
[Site "New York"]
[Date "2024.02.19"]
[Round "5.2"]
[White "Gutnik, Aleksandr"]
[Black "Rosenthal, Max Manuel"]
[Result "*"]
[ECO "C67"]
[WhiteElo "1956"]
[BlackElo "1949"]
[Annotator "COMBH"]
[PlyCount "115"]
[EventDate "2024.02.16"]
[EventType "swiss"]
[EventCountry "USA"]
[SourceTitle "playchess.com"]
[Source "ChessBase"]
[SourceQuality "1"]
[TimeControl "5400+30"]

1. e4 e5 2. Nf3 Nc6 3. Bb5 Nf6 4. O-O Nxe4 5. d4 Nd6 6. Bxc6 dxc6 7. dxe5 Nf5 8. Qxd8+ Kxd8 9. h3 h5 10. Nc3 Ke8 11. Ne4 Be6 12. Bg5 h4 13. a3 b6 14. Rad1 Be7 15. Rfe1 Rd8 16. c3 Rxd1 17. Rxd1 Bd5 18. Nfd2 Bxg5 19. Nxg5 Rh5 20. Ngf3 Ne7 21. c4 Be6 22. Re1 Ng6 23. b3 a5 24. a4 Nf4 25. Re3 Bf5 26. Nd4 Rg5 27. Nxf5 Rxf5 28. Nf3 Ng6 29. Re4 Kd7 30. Nxh4 Nxh4 31. Rxh4 Rxe5 32. Rh7 Re1+ 33. Kh2 Re2 34. Rxg7 Rxf2 35. h4 Ke7 36. Rg3 Kf8 37. Kh3 Rf6 38. h5 b5 39. Rg5 bxc4 40. bxc4 Rf4 41. Rc5 f5 42. Rxc6 Kg7 43. g3 Rd4 44. Kg2 Re4 45. Kf3 Rd4 46. Rxc7+ Kh6 47. Rc5 Kg5 48. h6 Rd3+ 49. Kf2 Rd2+ 50. Ke3 Rh2 51. Kf3 Rxh6 52. Rxa5 Rh1 53. Ra8 Rf1+ 54. Ke3 Kg4 55. Rg8+ Kh3 56. Rg5 Ra1 57. Rxf5 Kxg3 58. Rg5+ *

[Event "Marshall CC U2400 February 2024"]
[Site "New York"]
[Date "2024.02.19"]
[Round "5.3"]
[White "Ng, Timothy"]
[Black "Ulloa Grez, Luis"]
[Result "1-0"]
[ECO "C10"]
[WhiteElo "1728"]
[BlackElo "2048"]
[Annotator "NA RC"]
[PlyCount "109"]
[EventDate "2024.02.16"]
[EventType "swiss"]
[EventCountry "USA"]
[SourceTitle "playchess.com"]
[Source "ChessBase"]
[SourceQuality "1"]
[TimeControl "5400+30"]

1. e4 e6 2. d4 d5 3. Nd2 dxe4 4. Nxe4 Be7 5. Nf3 Nf6 6. Nxf6+ Bxf6 7. Bd3 c5 8. c3 cxd4 9. Nxd4 O-O 10. O-O e5 11. Nb3 $11 Bg5 12. Qf3 Qf6 13. Bxg5 Qxg5 14. Nc5 Nc6 15. Be4 Bg4 16. Qg3 f5 17. Bxc6 bxc6 18. Ne6 Qf6 19. Nxf8 Rxf8 20. f3 Bh5 21. Rfe1 f4 22. Qf2 Qg5 23. Kh1 Bg6 24. Qc5 Rf5 25. Qxc6 h6 26. Rad1 Kh7 27. Qb7 Qh4 28. Qxa7 e4 29. fxe4 Rf7 30. Qd4 f3 31. g3 Qh5 32. Qf2 Qe5 33. Rd5 Qe6 34. b3 Qg4 35. Rd4 Re7 36. e5 Qh5 37. e6 Bf5 38. Rd7 Re8 39. Rd6 Re7 40. Kg1 Bg4 41. c4 Qe8 42. Qe3 h5 43. Kf2 Qg6 44. Qe4 Bf5 45. Qxf3 Qg5 46. Re5 g6 47. Rd7 Rxd7 48. exd7 Qd2+ 49. Re2 Qxd7 50. Qd5 Qa7+ 51. Kg2 Bc8 52. h3 Qg7 53. Kh2 Bf5 54. Qe5 Qh6 55. Qc7+ 1-0

[Event "Marshall CC U2400 February 2024"]
[Site "New York"]
[Date "2024.02.19"]
[Round "5.4"]
[White "Slesinski, Matthew"]
[Black "Schaefer, Sasha Milo"]
[Result "1-0"]
[ECO "B12"]
[WhiteElo "1676"]
[BlackElo "1633"]
[Annotator "NA RC"]
[PlyCount "49"]
[EventDate "2024.02.16"]
[EventType "swiss"]
[EventCountry "USA"]
[SourceTitle "playchess.com"]
[Source "ChessBase"]
[SourceQuality "1"]
[TimeControl "5400+30"]

1. e4 c6 2. d4 d5 3. f3 Qb6 4. Nc3 dxe4 5. fxe4 e5 6. Qh5 exd4 7. Bc4 Qc7 8. Nce2 Nf6 9. Qh4 Qe5 10. Bf4 Qxe4 11. O-O-O Bd6 12. Nf3 Bxf4+ 13. Nxf4 O-O 14. Rxd4 Qf5 15. Re1 Qg4 16. Qf2 Nbd7 17. Ne6 Qf5 18. Nxf8 Nxf8 19. Re5 Qg6 20. Rd8 Qh6+ 21. Ng5 Be6 22. Rxa8 Bxc4 23. Rxf8+ Kxf8 24. Qc5+ Kg8 25. Qxc4 1-0

[Event "Marshall CC U2400 February 2024"]
[Site "New York"]
[Date "2024.02.19"]
[Round "5.5"]
[White "Lu, Dazhen"]
[Black "Qiao, Richardson Jingsi"]
[Result "1-0"]
[ECO "A39"]
[WhiteElo "1595"]
[BlackElo "1564"]
[Annotator "NA RC"]
[PlyCount "55"]
[EventDate "2024.02.16"]
[EventType "swiss"]
[EventCountry "USA"]
[SourceTitle "playchess.com"]
[Source "ChessBase"]
[SourceQuality "1"]
[TimeControl "5400+30"]

1. Nf3 Nf6 2. g3 g6 3. Bg2 Bg7 4. O-O O-O 5. c4 c5 6. Nc3 Nc6 7. d4 cxd4 8. Nxd4 e6 9. Ndb5 Ne8 10. Bf4 a6 11. Nd6 Bxc3 12. bxc3 Nxd6 13. Bxd6 Re8 14. a4 Qf6 15. Qd3 Kg7 16. f4 Qd8 17. e4 e5 18. f5 Qf6 19. fxg6 Qxg6 20. c5 a5 21. Rf5 Re6 22. Raf1 f6 23. Bh3 b6 24. R5f2 Ba6 25. Qd5 Rae8 26. Bxe6 Rxe6 27. Rb1 bxc5 28. Bxc5 1-0